 Dungeon Crawl Stone Soup version 0.23-a0-49-gd9f7a49 (webtiles) character file.

98 Amnesiac the Gusty (level 4, -3/30 HPs)
             Began as a Mummy Air Elementalist on Aug 7, 2018.
             Slain by Edmund
             ... wielding a +2 dire flail of venom
              (6 damage)
             ... on level 4 of the Dungeon.
             The game lasted 00:03:14 (1825 turns).

Amnesiac the Gusty (Mummy Air Elementalist)         Turns: 1825, Time: 00:03:15

Health: -3/30      AC:  6    Str: 11    XL:     4   Next: 43%
Magic:  5/9        EV: 11    Int: 15    God:
Gold:   58         SH:  0    Dex: 12    Spells: 5/10 levels left

rFire    x . .     SeeInvis .   a - +0 whip (drain)
rCold    + . .     Gourm    .   (no shield)
rNeg     + + +     Faith    .   h - +2 leather armour {MR+}
rPois    ∞         Spirit   .   (no helmet)
rElec    .         Reflect  .   g - +0 cloak
rCorr    .         Harm     .   (no gloves)
MR       +....                  (no boots)
Stlth    +.........             (no amulet)
HPRegen  0.10/turn              (no ring)
MPRegen  0.11/turn              (no ring)

@: no status effects
A: no food or potions, fire vulnerability, cold resistance 1, negative energy
resistance 3, torment resistance, unbreathing
a: no special abilities


You were on level 4 of the Dungeon.
You were not hungry.

You visited 1 branch of the dungeon, and saw 4 of its levels.

You collected 58 gold pieces.

Inventory:

Hand Weapons
 a - a +0 whip of draining (weapon)
 d - a +0 hunting sling
Missiles
 e - 37 stones (quivered)
Armour
 g - a +0 cloak (worn)
 h - a +2 leather armour of magic resistance (worn)


   Skills:
 - Level 1.5 Dodging
 - Level 1.5 Stealth
 + Level 3.8 Spellcasting
 - Level 0.7 Conjurations
 * Level 3.9 Air Magic


You had 5 spell levels left.
You knew the following spells:

 Your Spells              Type           Power        Failure   Level  Hunger
a - Airstrike             Air            ##........   43%         4    N/A
d - Shock                 Conj/Air       #...         10%         1    N/A

Your spell library contained the following spells:

 Spells                   Type           Power        Failure   Level  Hunger
 Lightning Bolt           Conj/Air       #.........   95%         5    N/A
 Swiftness                Chrm/Air       #.......     16%         2    N/A
 Static Discharge         Conj/Air       #.......     28%         3    N/A

Dungeon Overview and Level Annotations

Branches:
Dungeon (4/15)
 Temple: D:4-7

Altars:

Annotations:
D:4 Edmund


Innate Abilities, Weirdness & Mutations

You do not eat or drink.
Your flesh is vulnerable to fire.
You are immune to poison.
Your flesh is cold resistant. (rC+)
You are immune to negative energy. (rN+++)
You are immune to unholy pain and torment.
You can survive without breathing.


Message History

The dart slug is lightly wounded.
The dart slug bites you.
* * * LOW HITPOINT WARNING * * *
You hit the dart slug. You drain the dart slug!
You kill the dart slug!
This spell is quite dangerous to cast!
Memorise Airstrike, consuming 4 spell levels and leaving 5?
You start memorising the spell.
You continue memorising. x4
You finish memorising.
Spell assigned to 'd'.
Adjust (i)tems, (s)pells, or (a)bilities?
Adjust which spell? d - Airstrike Adjust to which letter? a - Airstrike; d - Shock You start resting.
Edmund is too close now for your liking.
You start resting.
Edmund is too close now for your liking.
You start resting.
HP restored.
You start resting.
Edmund is too close now for your liking.
You start resting.
HP restored.
Edmund is too close now for your liking.
Edmund is nearby!
Cast which spell? (? or * to list)
Aiming: Airstrike (quite dangerous; 43% risk of failure)
Press: ? - help, Dir - move target cursor, f - Edmund
Aim: Edmund, wielding a dire flail of venom and wearing a leather armour (hasn't noticed you)
The air twists around and strikes Edmund!
Edmund shouts!
Edmund is lightly wounded.
You closely miss Edmund.
Edmund is lightly wounded.
Edmund gestures with his flail.
Edmund hits you with a dire flail of venom!
You hit Edmund.
Edmund is moderately wounded.
Edmund drinks a potion.
Edmund seems to speed up.
You hit Edmund. You drain Edmund!
Edmund is moderately wounded.
Edmund barely misses you.
You barely miss Edmund.
Edmund is moderately wounded.
Edmund barely misses you.
Edmund hits you with a dire flail of venom.
You closely miss Edmund.
Edmund is moderately wounded.
Edmund hits you with a dire flail of venom.
* * * LOW HITPOINT WARNING * * *
You hit Edmund but do no damage. You drain Edmund!
Edmund is moderately wounded.
Edmund hits you with a dire flail of venom.
* * * LOW HITPOINT WARNING * * *
Edmund hits you with a dire flail of venom.
* * * LOW HITPOINT WARNING * * *
You are too injured to fight recklessly!
Unknown command.
Really read
c - a scroll labeled ABAFYTW YMECY {!r}?
As you read the scroll labeled ABAFYTW YMECY {!r}, it crumbles to dust.
You feel aware of your surroundings.
It was a scroll of magic mapping {!r}.
Edmund hits you with a dire flail of venom.
You die...

* *****###########
****,,,,..........#
*,,*****#########.#
+,,* ***** #.# *,,*
*,,,* #.#
********,*,** #.##
,,,,,,,,,...#####..#
,,*******#.......#.#
,,* ##.####@#.# ,,*
*,* #@#.### ,,* *,*
#.....# ,,*
**,####.###.########
,,*
*,,......[.........#
,,*
*,,####....####....#
,,* *,,* #....#
#....# ,,*
*,,####....####@...#
,,*
*,,.....####.#.###.#


You could see Edmund.

Vanquished Creatures
  A hound (D:4)
  An orc priest (D:3)
  4 worms (D:2)
  A dart slug (D:4)
  An orc (D:2)
  A ball python (D:3)
  2 goblins
  2 hobgoblins
  A quokka (D:3)
  3 bats
  2 frilled lizards (D:2)
  5 kobolds
  A rat (D:2)
25 creatures vanquished.

Notes
Turn   | Place    | Note
-------+----------+-------------------------------------------
     0 | D:1      | Amnesiac the Mummy Air Elementalist began the quest for the Orb.
     0 | D:1      | Reached XP level 1. HP: 13/13 MP: 4/4
   590 | D:2      | Reached XP level 2. HP: 13/19 MP: 5/5
   872 | D:2      | Reached XP level 3. HP: 19/24 MP: 7/7
  1148 | D:3      | HP: 1/24 [orc priest/divine providence (15)]
  1567 | D:4      | Noticed Edmund
  1624 | D:4      | Reached XP level 4. HP: 12/30 MP: 9/9
  1639 | D:4      | Learned a level 4 spell: Airstrike
  1825 | D:4      | Slain by Edmund

Vault maps used:
D:1:      minmay_arrival_wavy_path
D:2:      minmay_door_square
D:3:      first_ration, minmay_stone_trees_small
D:4:      minivault_24, corexii_item_surrounded_by_moat, minivault_14,
          sigmund_army, uniq_edmund, uniq_grinder

Skill      XL: |  1  2 |
---------------+-------+-----
Air Magic      | 3 |  3.9
Spellcasting   | 3 |  3.8
Dodging        | |  1.5
Stealth        | |  1.5
Conjurations   | |  0.7

Action                   |  1- 3 |  4- 6 || total
-------------------------+-------+-------++-------
Melee: Whip              |   116 |     9 ||   125
       Dagger            |     8 |       ||     8
       Short sword       |     5 |       ||     5
 Cast: Airstrike         |       |     1 ||     1
  Use: Scroll            |     1 |     1 ||     2
 Stab: Sleeping          |     1 |       ||     1
Armor: Robe              |     8 |       ||     8
       Ring mail         |    23 |       ||    23
       Leather armour    |     5 |       ||     5
Dodge: Dodged            |    79 |     2 ||    81

Table legend:
 A = Spawn XP
 B = Non-spawn XP
 C = Spawn XP percentage of total XP
 D = Spawn monster count
 E = Non-spawn monster count
 F = Spawn count percentage of total count
 G = Total turns spent on level
                    A         B        C        D         E        F      G
               +---------+---------+-------+---------+---------+-------+---------
         Total |       0 |     140 |   0.0 |       0 |      25 |   0.0 |  1825
               +---------+---------+-------+---------+---------+-------+---------
           D:1 |       0 |       1 |   0.0 |       0 |       1 |   0.0 |   359
           D:2 |       0 |      38 |   0.0 |       0 |      16 |   0.0 |   670
           D:3 |       0 |      51 |   0.0 |       0 |       6 |   0.0 |   533
           D:4 |       0 |      50 |   0.0 |       0 |       2 |   0.0 |   263
               +---------+---------+-------+---------+---------+-------+---------
